 Dungeon Crawl Stone Soup version 0.26-a0-34-g9e0bf03 (webtiles) character file.

Game seed: 2807120031430723253, levelgen mode: deterministic

4263 Faca the Slinger (level 10, 0/74 HPs)
             Began as a Halfling Hunter on May 29, 2020.
             Was a Believer of Okawaru.
             Succumbed to a killer bee's poison
             ... on level 8 of the Dungeon.
             The game lasted 00:20:16 (10053 turns).

Faca the Slinger (Halfling Hunter)                 Turns: 10053, Time: 00:20:16

Health: 0/74       AC: 13    Str: 16    XL:     10   Next: 56%
Magic:  9/10       EV: 12    Int:  9    God:    Okawaru [**....]
Gold:   577        SH:  6    Dex: 22    Spells: 9/9 levels left

rFire    + + +     SeeInvis +   g - +1 falchion (flame)
rCold    . . .     Gourm    .   s - +0 buckler
rNeg     . . .     Faith    .   E - +1 scale mail of Fortitude {-Cast rF+++ SInv}
rPois    .         Spirit   .   p - +0 helmet
rElec    .         Reflect  .   I - +0 cloak (curse)
rCorr    .         Harm     .   (no gloves)
MR       .....     NoCast   +   (no boots)
Stlth    +.........             F - amulet of regeneration
HPRegen  0.62/turn              o - +6 ring of dexterity
MPRegen  0.12/turn              r - +4 ring of protection

@: lethally poisoned (0 -> -13)
A: small, mutation resistance 1
a: Heroism, Renounce Religion


You were on level 8 of the Dungeon.
You worshipped Okawaru.
Okawaru was pleased with you.
You were hungry.

You visited 1 branch of the dungeon, and saw 8 of its levels.

You collected 577 gold pieces.

Inventory:

Hand Weapons
 a - a +1 hunting sling
 g - a +1 falchion of flaming (weapon)
 J - a +2 dagger of draining
Missiles
 d - 84 sling bullets
 h - 200 stones (quivered)
Armour
 p - a +0 helmet (worn)
 s - a +0 buckler (worn)
 C - a +1 chain mail of poison resistance
 E - the +1 scale mail of Fortitude (worn) {-Cast rF+++ SInv}
   (You found it on level 5 of the Dungeon)

   It renders you almost immune to fire.
   It lets you see invisible.
   It prevents spellcasting.
 I - a cursed +0 cloak (worn)
Jewellery
 o - a +6 ring of dexterity (left hand)
 q - an uncursed ring of flight
 r - a +4 ring of protection (right hand)
 B - an uncursed ring of resist corrosion
 F - an amulet of regeneration (around neck)
Wands
 b - a wand of clouds (6)
 m - a wand of enslavement (8)
 t - a wand of digging (9)
 G - a wand of paralysis (14)
Scrolls
 e - 3 scrolls of remove curse
 l - a scroll of enchant armour
 n - a scroll of teleportation
 x - a scroll of fog
 y - 3 scrolls of magic mapping
 H - a scroll of blinking
Potions
 j - 2 potions of lignification
 k - 2 potions of ambrosia
 u - a potion of curing {unknown}
 A - a potion of cancellation
 D - 2 potions of flight {unknown}
Comestibles
 c - 9 chunks of flesh
 f - 11 rations


   Skills:
 + Level 9.1 Fighting
 + Level 10.3 Short Blades
 + Level 14.2 Slings
 + Level 2.1 Armour
 - Level 2.1 Dodging
 - Level 1.1 Stealth
 + Level 2.1 Shields


You had 9 spell levels left.
You didn't know any spells.
Your spell library contained the following spells:

 Spells                   Type           Power        Failure   Level  Hunger
 Foxfire                  Conj/Fire      #...         90%         1    ##.....
 Conjure Flame            Conj/Fire      #.......     99%         3    ####...
 Inner Flame              Hex/Fire       #.......     99%         3    ####...
 Sticky Flame             Conj/Fire      #.......     100%        4    #####..
 Fireball                 Conj/Fire      #.........   100%        5    ######.


Dungeon Overview and Level Annotations

Branches:
Dungeon (8/15)             Temple (0/1) D:7            Lair (0/6) D:8

Altars:
Dithmenos
Elyvilon
Kikubaaqudgha
Nemelex Xobeh
Okawaru
Ru
The Shining One

Shops:
D:5 *


Innate Abilities, Weirdness & Mutations

You are small and have problems with some larger weapons.
You are somewhat resistant to further mutation.


Message History

* * * LOW HITPOINT WARNING * * *
You feel very sick. The killer bee barely misses you.
You block the killer bee's attack.
The killer bee stings you but does no damage. x3
The killer bee closely misses you. The killer bee barely misses you.
The killer bee misses you. The killer bee stings you.
* * * LOW HITPOINT WARNING * * *
Blink to where?
Press: ? - help, Dir - move target cursor You are very lightly contaminated with residual magic.
As you read the scroll of blinking, it crumbles to dust.
* * * LOW HITPOINT WARNING * * *
You feel very sick.
It was a potion of cancellation.
You feel magically purged.
Your magical contamination has completely faded away.
* * * LOW HITPOINT WARNING * * *
You feel very sick.
The killer bee stings you but does no damage.
An iguana comes into view.
You die...

#..# #.....#...# #l.#
#....#..## #..# #.....#
#..# ##...## #..#
##..### #..# ##.....##
##..# ##...#....
#######...####
#...####..
###.........@yy#####..##
##.
#.........##.y.hy....##
#)
#........#######yc...#
##( #.##....## #.....#
#.. #......## #.....#
##yh #.#....## ##.....##
#.(. ##..##
#.......####yy. #..#
##.......y##(... ##.##
##...............


You could see a warg, a centaur, an iguana (wandering) and 5 killer bees.

Vanquished Creatures
  2 hippogriffs
  Sigmund (D:6)
  A hungry ghost (D:6)
  Menkaure (D:4)
  2 ice beasts
  5 necrophages (D:7)
  2 orc warriors
  A black bear (D:7)
  3 sky beasts
  3 ogres
  A centaur (D:8)
  A bullfrog (D:7)
  Blork the orc (D:6)
  A gnoll sergeant (D:5)
  6 wights (D:7)
  3 howler monkeys
  3 crimson imps
  A centaur zombie (D:7)
  A bullfrog zombie (D:7)
  2 hounds
  A quasit (D:7)
  3 bullfrog skeletons
  2 centaur skeletons (D:4)
  4 orc priests
  A jelly (D:5)
  7 orc wizards
  2 iguanas
  4 worker ants
  A hound zombie (D:4)
  A mummy (D:7)
  A howler monkey zombie (D:6)
  12 gnolls
  13 adders
  A shadow imp (D:5)
  3 adder skeletons
  2 adder zombies
  3 worms
  2 dart slugs
  3 leopard geckos
  24 orcs
  A ball python (D:3)
  3 giant cockroaches
  5 goblins
  7 hobgoblins
  5 jackals
  4 quokkas
  A ball python skeleton (D:6)
  5 bats
  13 frilled lizards
  A giant cockroach zombie (D:5)
  2 goblin zombies (D:7)
  2 hobgoblin zombies (D:7)
  A jackal zombie (D:7)
  4 kobolds
  A kobold skeleton (D:7)
  3 orc zombies (D:7)
  A quokka skeleton (D:5)
  12 rats
202 creatures vanquished.

Vanquished Creatures (others)
  A rat (D:3)
1 creature vanquished.

Grand Total: 203 creatures vanquished

Notes
Turn   | Place    | Note
-------+----------+-------------------------------------------
     0 | D:1      | Faca the Halfling Hunter began the quest for the Orb.
     0 | D:1      | Reached XP level 1. HP: 14/14 MP: 1/1
   104 | D:1      | Reached skill level 6 in Slings
   144 | D:1      | Reached XP level 2. HP: 18/19 MP: 2/2
   685 | D:1      | Reached XP level 3. HP: 19/25 MP: 3/3
  1219 | D:2      | Found a faded altar of an unknown god.
  1288 | D:2      | Reached XP level 4. HP: 22/30 MP: 4/4
  1291 | D:2      | Reached skill level 7 in Slings
  1448 | D:2      | Found a sacrificial altar of Ru.
  1604 | D:2      | Reached XP level 5. HP: 27/36 MP: 5/5
  2601 | D:3      | Reached skill level 12 in Slings
  2601 | D:3      | Reached XP level 6. HP: 49/49 MP: 6/6
  2695 | D:3      | Reached XP level 7. HP: 48/54 MP: 7/7
  2759 | D:3      | Found a white marble altar of Elyvilon.
  4263 | D:4      | Noticed Menkaure
  4272 | D:4      | Killed Menkaure
  4272 | D:4      | Reached XP level 8. HP: 61/61 MP: 8/8
  4755 | D:5      | Entered Level 5 of the Dungeon
  5178 | D:5      | Found Haifac's Elemental Accessories.
  5694 | D:5      | Reached skill level 13 in Slings
  5732 | D:5      | Found an ancient bone altar of Kikubaaqudgha.
  5733 | D:5      | Found an iron altar of Okawaru.
  6454 | D:6      | Noticed Sigmund
  6497 | D:5      | Reached XP level 9. HP: 56/66 MP: 9/9
  6569 | D:6      | Killed Sigmund
  7315 | D:6      | Paralysed by fainting for 5 turns
  7479 | D:6      | Found a shadowy altar of Dithmenos.
  7531 | D:6      | Found a sparkling altar of Nemelex Xobeh.
  7537 | D:6      | Found a white marble altar of Elyvilon.
  7658 | D:6      | Noticed Blork the orc
  7672 | D:6      | Killed Blork the orc
  7705 | D:6      | Found a sparkling altar of Nemelex Xobeh.
  8043 | D:5      | Got a smelly scale mail
  8047 | D:5      | Became a worshipper of Warmaster Okawaru
  8059 | D:5      | Identified the cursed +1 scale mail of Fortitude {-Cast
                  | rF+++ SInv} (You found it on level 5 of the Dungeon)
  8653 | D:7      | Reached * piety under Okawaru
  8683 | D:7      | Reached XP level 10. HP: 71/72 MP: 10/10
  8690 | D:7      | Paralysed by a wight for 3 turns
  8809 | D:7      | Reached skill level 10 in Short Blades
  9023 | D:7      | Found a glowing golden altar of the Shining One.
  9095 | D:7      | Found a staircase to the Ecumenical Temple.
  9196 | D:7      | Reached skill level 14 in Slings
  9201 | D:7      | Reached skill level 1 in Armour
  9248 | D:7      | Reached skill level 1 in Shields
 10002 | D:8      | Reached ** piety under Okawaru
 10011 | D:8      | Found a staircase to the Lair.
 10052 | D:8      | HP: 2/74 [poisoned by a killer bee]
 10053 | D:8      | Succumbed to a killer bee's poison

Illustrated notes

Levels and vault maps discovered:
D:1:      heliophobic_arrival_battle_scene, layout_loops_ring,
          minmay_lizard_king
D:2:      layout_rooms, hangedman_ru_absence, chequers_ecumenical_altar_lobes
D:3:      layout_basic, elyvilon_altar_4
D:4:      layout_layer_cave, minmay_quadrilaterals, uniq_menkaure
D:5:      layout_basic, nicolae_overflow_hidden_temple, first_ration,
          minivault_19, chequers_serial_rivers_large_b, nicolae_elemental_shop,
          lightli_minifort
D:6:      layout_cave_pools, lemuel_doored_altar,
          nemelex_xobeh_ov_fountains_minmay, kennysheep_little_box,
          nemelex_spade_bored_becter, uniq_sigmund, uniq_blork_the_orc
D:7:      layout_cave_pools, nicolae_tso_besieged_by_evil,
          minmay_temple_entry_tees, serial_undead, serial_undead_f,
          serial_undead_e, serial_undead_f, serial_undead_d, serial_undead_b,
          serial_undead_e, serial_undead_d, serial_undead_d, serial_undead_d,
          serial_undead_c
D:8:      minmay_blocky_corners, layout_layer_cave,
          nicolae_overflow_crystal_walls, erik_lair_orcish_takeover

Skill      XL: |  1  2  3  4  5  6  7  8  9 10 |
---------------+-------------------------------+-----
Slings         | 6 7 12 13 14 | 14.2
Fighting       | 2 3 7 8 9 |  9.1
Short Blades   | 8 9 10 | 10.3
Armour         | 2 |  2.1
Shields        | 2 |  2.1
Dodging        | |  2.1
Stealth        | |  1.1

Action                   |  1- 3 |  4- 6 |  7- 9 | 10-12 || total
-------------------------+-------+-------+-------+-------++-------
Melee: Short sword       |    71 |   192 |   483 |       ||   746
       Falchion          |       |       |   127 |   197 ||   324
 Fire: Hunting sling     |    21 |     6 |   153 |     8 ||   188
Invok: Heroism           |       |       |       |     2 ||     2
  Use: Scroll            |     7 |     5 |     6 |     4 ||    22
       Potion            |       |     1 |       |     3 ||     4
 Stab: Sleeping          |     1 |       |       |       ||     1
  Eat: Chunk             |     1 |     5 |    18 |     3 ||    27
       Ration            |       |       |     4 |       ||     4
Armor: Leather armour    |    25 |       |       |       ||    25
       Scale mail        |     6 |    75 |   218 |   117 ||   416
       Chain mail        |       |       |     2 |       ||     2
Dodge: Dodged            |    67 |   135 |   262 |   162 ||   626
       Repelled          |       |       |     2 |       ||     2
Block: Buckler           |       |       |    63 |    84 ||   147
       Rpst.: Falchion   |       |       |    10 |    47 ||    57

Table legend:
 A = Non-vault XP
 B = Vault XP
 C = Vault XP percentage of total XP
 D = Non-vault monster count
 E = Vault monster count
 F = Vault count percentage of total count
                 A         B        C        D         E       F
            +---------+---------+-------+---------+---------+-------
      Total |    4009 |    1893 |  32.1 |     152 |      50 |  24.8
            +---------+---------+-------+---------+---------+-------
        D:1 |      26 |      13 |  33.3 |      17 |      11 |  39.3
        D:2 |     129 |       0 |   0.0 |      25 |       0 |   0.0
        D:3 |     214 |       0 |   0.0 |      25 |       0 |   0.0
        D:4 |     288 |     286 |  49.8 |      16 |       6 |  27.3
        D:5 |     819 |     153 |  15.7 |      24 |       6 |  20.0
        D:6 |     797 |     314 |  28.3 |      23 |       2 |   8.0
        D:7 |     966 |    1081 |  52.8 |      13 |      23 |  63.9
        D:8 |     770 |      46 |   5.6 |       9 |       2 |  18.2
            +---------+---------+-------+---------+---------+-------
